 Dungeon Crawl Stone Soup version 0.30.0-15-g856e2d3f33 (webtiles) character file.

Game seed: 2720547501936775530

11 Warped the Ruffian (level 2, 0/16 HPs)
             Began as a Vine Stalker Fighter on May 19, 2023.
             Succumbed to a kobold's poison
             ... on level 1 of the Dungeon.
             The game lasted 00:00:30 (211 turns).

Warped the Ruffian (Vine Stalker Fighter)            Turns: 211, Time: 00:00:30

Health: 0/16       AC:  6    Str: 18    XL:     2   Next: 29%
Magic:  3/3        EV:  9    Int:  8    God:
Gold:   14         SH:  4    Dex: 13    Spells: 1/1 levels left

rFire   . .          .
                       - Unarmed
rCold   . . .        b - +0 buckler
rNeg    . . .        a - +0 scale mail
rPois   .            (no helmet)
rElec   .            (no cloak)
rCorr   .            (no gloves)
SInv    .            (no boots)
Will    .....        (no amulet) Stlth
                     e - ring of flight
HPRegen 0.22/turn    (no ring)
MPRegen 0.08/turn

%: guardian spirit
@: lethally poisoned (0 -> -5), flying
A: fangs 2, magic shield, antimagic bite, no potion heal 2
a: no special abilities


You were on level 1 of the Dungeon.
You visited 1 branch of the dungeon, and saw 1 of its levels.

You collected 14 gold pieces.

Inventory:

Hand Weapons
 g - a +0 short sword of venom
Armour
 a - a +0 scale mail (worn)
 b - a +0 buckler (worn)
Jewellery
 e - a ring of flight (left hand)
Scrolls
 d - a scroll of noise {unknown}
 f - a scroll of blinking {unknown}
Potions
 c - a potion of might


   Skills:
 - Level 2.6 Fighting
 - Level 2.4 Armour
 - Level 2.6 Shields
 + Level 2.9 Unarmed Combat


You had one spell level left.
You didn't know any spells.
Your spell library was empty.

Dungeon Overview and Level Annotations

Branches:
Dungeon (1/15)

Altars:

Shops:
D:1 (


Innate Abilities, Weirdness & Mutations

You have extremely sharp teeth.
When hurt, damage is shared between your health and your magic reserves.
Your bite disrupts and absorbs the magic of your enemies.
Potions cannot restore your health.


Message History

You closely miss the kobold. Your bite misses the kobold.
The kobold hits you but does no damage.
You are poisoned.
You barely miss the kobold.
You feel sick. The kobold hits you but does no damage.
You are lethally poisoned!
You closely miss the kobold.
You feel very sick. The kobold hits you but does no damage.
You hit the kobold.
You kill the kobold!
You feel very sick.
You are too injured to fight recklessly!
You are too injured to fight recklessly!
You are too injured to fight recklessly!
You are too injured to fight recklessly!
You are too injured to fight recklessly!
You are too injured to fight recklessly!
You are too injured to fight recklessly!
You are too injured to fight recklessly!
You are too injured to fight recklessly!
You are too injured to fight recklessly!
You are too injured to fight recklessly!
You are too injured to fight recklessly!
You are too injured to fight recklessly!
You are too injured to fight recklessly!
You are too injured to fight recklessly!
You are too injured to fight recklessly!
You feel sick.
Things that are here:
a +0 short sword of venom; a kobold corpse
g - a +0 short sword of venom
* * * LOW HITPOINT WARNING * * *
You feel sick.
There is a lethal amount of poison in your body!
Okay, then.
* * * LOW HITPOINT WARNING * * *
You feel sick.
Found a dagger.
Found an escape hatch in the floor.
You die...

..............
####.....#### # #.....#
# #.....# # ..##†###.#
.#
##.......###########..#.
##.#.......##...........
...........'......?.....
##.##[.....#..†.@.......
.. +......+............
. #......#............
#......#.$.........>
####+###.......)...)
#............
.............
.#............


There were no monsters in sight!

Vanquished Creatures
  A dart slug (D:1)
  A bat (D:1)
  2 endoplasms (D:1)
  A goblin (D:1)
  2 kobolds (D:1)
  A quokka (D:1)
8 creatures vanquished.

Notes
Turn   | Place    | Note
-------+----------+-------------------------------------------
     0 | D:1      | Warped the Vine Stalker Fighter began the quest for the
                  | Orb.
     0 | D:1      | Reached XP level 1. HP: 11/11 MP: 2/2
    18 | D:1      | Found Hijah's Antique Weapon Shoppe.
   132 | D:1      | Reached XP level 2. HP: 16/16 MP: 1/3
   211 | D:1      | Succumbed to a kobold's poison

Illustrated notes

Levels and vault maps discovered:
D:1:      zaba_arrival_water, layout_basic, serial_shops, shop

Action                     || total
---------------------------++-------
  Melee: Unarmed           ||    25
         Bite              ||     7
 Armour: Scale mail        ||     9
  Dodge: Dodged            ||     8
